AoeStats
← mricardo96

Lombardia

508888300Analyzed
4v4 RM · 9d ago on Sep 24, 2026· 51m 33s· 8 players
Game mode
Random Map
Map size
Large (8 player)
Population
200
Speed
Normal
Resources
Standard
Victory
Conquest
Starting age
Dark Age
Ending age
Imperial Age
RankedLock teamsTeams togetherTeam positionsShared explorationLock speedFull tech treeHidden civsTurbo modeCheats
Victory
Defeat
🇹🇼 Persians · Taiwan
931
+14
🇹🇼 Britons · Taiwan
927
+14
🇨🇳 Poles · China
918
+14
🇹🇼 Varangians · Taiwan
916
+14
🇳🇱 Aztecs · Netherlands
908
-15
🇨🇳 Tatars · China
871
-14
🇲🇽 Georgians · Mexico
868
-14
🇨🇳 Varangians · China
864
-13
h1590
10:42 Feudal Age
10:54 Loom
15:07 Castle Age
14:13 Double-Bit Axe
22:22 Horse Collar
25:22 Bow Saw
27:20 Wheelbarrow
31:52 Imperial Age
29:47 Gold Mining
29:52 Stone Mining
30:20 Scale Mail Armor
30:12 Gambesons
31:51 Hand Cart
31:52 Forging
33:14 Town Watch
34:09 Conscription
33:12 Gothikon
34:57 Heavy Plow
35:31 Chain Mail Armor
35:52 Iron Casting
35:34 Elite Varangian Guard
36:21 Squires
36:09 Arson
39:50 Caravan
43:20 Crop Rotation
44:15 Plate Mail Armor
44:45 Blast Furnace
46:10 Two-Man Saw
Kerrigan
3:11 Loom
12:21 Feudal Age
17:56 Castle Age
15:40 Horse Collar
18:02 Pikeman
18:05 Crossbowman
23:10 Fervor
31:21 Imperial Age
28:38 Town Watch
29:28 Squires
30:15 Caravan
30:22 Fletching
30:36 Heavy Plow
31:34 Bodkin Arrow
32:44 Arson
33:22 Conscription
36:58 Yeomen
37:03 Forging
36:54 Scale Mail Armor
37:02 Scale Barding Armor
36:57 Padded Archer Armor
37:36 Wheelbarrow
37:08 Town Patrol
39:22 Hand Cart
39:12 Bracer
40:40 Iron Casting
42:00 Arbalester
43:16 Elite Skirmisher
46:20 Halberdier
48:06 Chain Mail Armor
48:53 Blast Furnace
49:39 Chemistry
50:40 Plate Mail Armor
51:34 Gold Mining
51:38 Stone Mining
George
4:49 Loom
11:53 Feudal Age
12:23 Double-Bit Axe
21:13 Castle Age
22:08 Bow Saw
21:44 Horse Collar
21:56 Gold Mining
27:14 Imperial Age
34:17 Wheelbarrow
34:22 Scale Mail Armor
34:29 Scale Barding Armor
34:35 Forging
33:47 Cavalier
34:28 Husbandry
34:39 Bloodlines
35:43 Chain Barding Armor
37:01 Iron Casting
38:28 Plate Barding Armor
38:30 Heavy Plow
39:37 Two-Man Saw
39:58 Masonry
40:08 Hand Cart
40:25 Crop Rotation
42:16 Blast Furnace
43:36 Architecture
43:21 Savar
noob
11:20 Feudal Age
11:49 Horse Collar
12:52 Double-Bit Axe
15:14 Gold Mining
20:29 Stone Mining
24:42 Castle Age
24:29 Forging
24:25 Scale Barding Armor
25:35 Heavy Plow
26:14 Stone Shaft Mining
25:52 Bow Saw
28:51 Bloodlines
28:42 Husbandry
28:02 Light Cavalry
38:57 Imperial Age
37:36 Wheelbarrow
37:40 Iron Casting
37:26 Chain Barding Armor
38:51 Szlachta Privileges
39:14 Cavalier
39:15 Winged Hussar
40:58 Blast Furnace
39:51 Fletching
40:40 Conscription
40:45 Lechitic Legacy
40:35 Caravan
40:30 Treadmill Crane
41:12 Hand Cart
40:42 Town Watch
40:42 Loom
42:49 Crop Rotation
Iluvatar
11:20 Feudal Age
10:46 Loom
11:02 Loom
12:30 Double-Bit Axe
12:25 Horse Collar
15:00 Bloodlines
15:40 Forging
23:10 Castle Age
24:48 Bow Saw
24:44 Heavy Plow
26:36 Gold Mining
32:29 Imperial Age
30:51 Iron Casting
30:32 Scale Barding Armor
31:58 Scale Barding Armor
31:53 Scale Mail Armor
33:09 Wheelbarrow
32:20 Town Watch
35:01 Hand Cart
34:47 Town Patrol
35:58 Crop Rotation
36:02 Fortified Wall
37:39 Blast Furnace
36:55 Chain Mail Armor
37:00 Chain Barding Armor
36:43 Cavalier
37:23 Husbandry
37:31 Squires
37:28 Gambesons
38:58 Vendel Legacy
43:55 Conscription
42:57 Gothikon
45:43 Plate Mail Armor
45:34 Chain Barding Armor
noob
10:53 Feudal Age
11:28 Horse Collar
11:37 Double-Bit Axe
18:08 Castle Age
15:57 Loom
18:56 Heavy Plow
19:08 Bow Saw
28:07 Scale Barding Armor
33:14 Imperial Age
30:31 Town Watch
31:47 Husbandry
32:21 Forging
33:41 Chain Barding Armor
33:32 Stone Mining
33:33 Gold Mining
34:47 Iron Casting
34:49 Wheelbarrow
34:17 Town Patrol
34:58 Crop Rotation
34:50 Bloodlines
36:06 Silk Armor
36:27 Conscription
37:28 Plate Barding Armor
37:10 Elite Keshik
40:56 Blast Furnace
39:47 Fletching
39:58 Padded Archer Armor
40:41 Caravan
41:13 Scale Mail Armor
41:06 Elite Skirmisher
41:10 Light Cavalry
42:42 Hand Cart
44:03 Ballistics
43:52 Heavy Cavalry Archer
44:45 Bodkin Arrow
45:07 Leather Archer Armor
45:30 Bracer
46:19 Masonry
48:32 Ring Archer Armor
51:03 Hussar
51:49 Squires
raul_ruizv
7:27 Loom
10:12 Feudal Age
11:03 Double-Bit Axe
11:00 Horse Collar
17:05 Gold Mining
18:25 Forging
20:17 Bloodlines
23:10 Castle Age
21:57 Scale Barding Armor
24:44 Iron Casting
24:57 Stone Mining
25:20 Bow Saw
29:53 Heavy Plow
30:31 Stone Shaft Mining
32:09 Husbandry
31:32 Light Cavalry
35:27 Fervor
38:46 Svan Towers
39:50 Guard Tower
40:23 Ballistics
39:56 Fletching
mricardo96
3:56 Loom
13:34 Feudal Age
14:59 Wheelbarrow
17:17 Gold Mining
17:57 Double-Bit Axe
19:42 Town Watch
19:51 Town Watch
19:57 Town Watch
20:34 Stone Mining
28:05 Castle Age
40:41 Forging
40:33 Scale Mail Armor
40:15 Man-at-Arms
43:50 Iron Casting
Connection lost

Rejoining the realm…

Still unreachable

The connection could not be restored.

Session expired

The server has moved on; the page needs a fresh start.